 Dungeon Sprint DCSS version 0.29-a0-338-g1ff7896281 (webtiles) character file.

Game seed: 5789106993905053366

21990 mhtbhm the Executioner (level 12, -1/139 HPs)
             Began as a Gargoyle Berserker on Apr 17, 2022.
             Was the Champion of Trog.
             Slain by a deep elf demonologist
             ... wielding a +1 long sword of pain
              (2 damage)
             ... in the Dungeon (Sprint VII: "The Pits").
             The game lasted 00:05:46 (3149 turns).

mhtbhm the Executioner (Gargoyle Berserker)         Turns: 3149, Time: 00:05:47

Health: -1/139     AC: 31    Str: 33    XL:     12   Next: 95%
Magic:  12/12      EV: 10    Int:  9    God:    Trog [******]
Gold:   41         SH:  0    Dex:  7    Spells: 11/11 levels left

rFire   . . .      SeeInvis +   a - +6 battleaxe of Awkwardness {flame, rElec rC+ Str+8 Dex-2}
rCold   + + .      Faith    .   (shield currently unavailable)
rNeg    + . .      Spirit   .   b - +1 plate armour {rC+}
rPois   ∞          Reflect  .   (no helmet)
rElec   +          Harm     .   (no cloak)
rCorr   .          Rampage  .   (no gloves)
Will    .....      NoTele   +   x - +1 pair of boots {Fly}
Stlth   ..........              (no amulet)
HPRegen 0.33/turn               l - +3 ring of protection
MPRegen 0.13/turn               v - ring of see invisible

@: berserking (expiring), flying, very quick
A: sickness immunity, AC +8, negative energy resistance 1, electricity
resistance, torment resistance 1, petrification resistance
a: Renounce Religion, Berserk, Trog's Hand, Brothers in Arms


You were in the Dungeon.
You worshipped Trog.
Trog was exalted by your worship.
You visited 1 branch You collected 41 gold pieces.

Inventory:

Hand Weapons
 a - the +6 battleaxe of Awkwardness (weapon) {flame, rElec rC+ Str+8 Dex-2}
   (Trog gifted it to you in the Dungeon)

   It burns those it strikes, dealing additional fire damage.
   Big, fiery blades are also staple armaments of hydra-hunters.
   Str:       It affects your strength (+8).
   Dex:       It affects your dexterity (-2).
   rC:        It protects you from cold.
   rElec:     It insulates you from electricity.
 p - the +6 battleaxe of Dismemberment {flame, +Blink rF+ Str+3 Int-2 Stlth+}
   (Trog gifted it to you in the Dungeon)

   It burns those it strikes, dealing additional fire damage.
   Big, fiery blades are also staple armaments of hydra-hunters.
   Str:       It affects your strength (+3).
   Int:       It affects your intelligence (-2).
   rF:        It protects you from fire.
   +Blink:    It lets you blink.
   Stlth:     It makes you more stealthy.
 q - the +6 battleaxe "Taoff" {vorpal, rElec rF++ rC- Str+9}
   (Trog gifted it to you in the Dungeon)

   It inflicts extra damage upon your enemies.
   Str:       It affects your strength (+9).
   rF:        It greatly protects you from fire.
   rC:        It makes you vulnerable to cold.
   rElec:     It insulates you from electricity.
Missiles
 k - 2 boomerangs (quivered)
Armour
 b - a +1 plate armour of cold resistance (worn)
 x - a +1 pair of boots of flying (worn)
Jewellery
 l - a +3 ring of protection (left hand)
 m - the ring of Ilumeirch {Fire Str+2}
   (You found it in the Dungeon)

   [ring of fire]

   It enhances your fire magic.
   Str:       It affects your strength (+2).
   rF:        It protects you from fire.
   rC:        It makes you vulnerable to cold.
 v - a ring of see invisible (right hand)
 w - a ring of protection from fire
Scrolls
 h - 4 scrolls of blinking
 j - a scroll of summoning
 r - 2 scrolls of identify
 s - 2 scrolls of enchant armour
 t - a scroll of fear
 u - 4 scrolls of enchant weapon
Potions
 c - 7 potions of curing
 d - 15 potions of heal wounds
 e - 2 potions of haste
 f - 4 potions of magic
 g - 3 potions of berserk rage
 i - 2 potions of invisibility
 n - 5 potions of might
 o - 3 potions of resistance


   Skills:
 + Level 18.7 Fighting
 + Level 21.8 Axes
 + Level 13.1 Armour
 + Level 8.8 Dodging
 + Level 1.7 Stealth


You had 11 spell levels left.
You didn't know any spells.
Your spell library was empty.

Dungeon Overview and Level Annotations

Branches:
Dungeon (1/1)

Altars:
Cheibriados
Dithmenos
Elyvilon
Fedhas
Gozag
Hepliaklqana
Makhleb
Nemelex Xobeh
Okawaru
Qazlal
Ru
Sif Muna
Trog
Vehumet
Wu Jian
Xom
Yredelemnul
Zin
The Shining One
Beogh
Jiyva
Lugonu


Innate Abilities, Weirdness & Mutations

You are immune to sickness and miasma.
Your stone body is resilient. (AC +8)
You are immune to poison.
You resist negative energy. (rN+)
You are resistant to electric shocks. (rElec)
You are resistant to unholy torment.
You are immune to petrification.


Message History

* * * LOW HITPOINT WARNING * * *
The deep elf demonologist hits you with a +1 long sword of pain!
* * * LOW HITPOINT WARNING * * *
Things that are here:
a +3 falchion of holy wrath; a +0 shortbow; a centaur corpse You slice the deep elf demonologist like a ripe choko!!!
You burn the deep elf demonologist.
The deep elf demonologist is severely wounded.
You barely miss the death knight.
The blink frog blinks!
Unknown command.
You closely miss the deep elf demonologist.
The deep elf demonologist is severely wounded.
You slice the blink frog!! You burn the blink frog! You slash the death knight!
You burn the death knight.
The death knight offers itself to Yredelemnul, and fills with unholy energy.
The deep elf demonologist mumbles some strange words.
Unknown command.
You barely miss the deep elf demonologist.
The deep elf demonologist is severely wounded.
You closely miss the blink frog. You barely miss the lorocyproca.
You slice the death knight!! You burn the death knight.
The death knight reflects your damage back at you!
* * * LOW HITPOINT WARNING * * *
The blink frog hits you but does no damage.
Unknown command.
You closely miss the deep elf demonologist.
The deep elf demonologist is severely wounded.
You slash the death knight! You burn the death knight.
You barely miss the lorocyproca. You slice the blink frog!!
You burn the blink frog.
You kill the blink frog!
Trog accepts your kill.
The death knight reflects your damage back at you!
* * * LOW HITPOINT WARNING * * *
The death knight hits you but does no damage.
A manticore comes into view.
The deep elf demonologist hits you with a +1 long sword of pain.
* * * LOW HITPOINT WARNING * * *
You writhe in agony.
You die...

+..#. +.... #....
#######################..#.
#....................''....
#....................''....
#..################..##..#.
#..##.#.#†#e#.# #..##....
#..#.#.#.#@#|# #..##....
#..##f#.#2#p# #..####'' #..#
#)#)#°#F# #..####'' #..#
#)#.#)#H# #..##.)[.
#..#####)##########..##.#'#
#######...§................##÷#.)
____.##....................##.÷.|
____.###########''###########.#)}
__...###########''###########.+[.


You could see a death knight (reflects damage), a lorocyproca (summoned,
invisible), a deep elf demonologist, a manticore and a bullfrog.

Vanquished Creatures
  A death cob (D)
  A minotaur (D)
  A great orb of eyes (D)
  An anaconda (D)
  A hydra (D)
  A boulder beetle (D)
  A spriggan air mage (D)
  A centaur warrior (D)
  A shadow wraith (D)
  2 sea snakes (D)
  A flayed ghost (D)
  A swamp dragon (D)
  A deep troll (D)
  A lindwurm (D)
  A deep elf pyromancer (D)
  A wolf spider (D)
  A deep elf zephyrmancer (D)
  A merfolk siren (D)
  A guardian serpent (D)
  An eye of devastation (D)
  A black mamba (D)
  A rust devil (D)
  A cane toad (D)
  2 gargoyles (D)
  An efreet (D)
  A rime drake (D)
  A guardian mummy (D)
  A troll (D)
  A blink frog (shapeshifter) (D)
  2 wandering mushrooms (D)
  A polar bear (D)
  2 tarantellas (D)
  3 blink frogs (D)
  A water elemental (D)
  A vampire (D)
  A spriggan (D)
  A shadow (D)
  2 wraiths (D)
  A basilisk (D)
  A redback (D)
  3 vampire mosquitoes (D)
  A chaos spawn (D)
  A water moccasin (D)
  2 floating eyes (D)
  A swamp drake (D)
  An ice beast (D)
  4 wolves (D)
  2 phantoms (D)
  A gnoll sergeant (D)
  3 necrophages (D)
  3 scorpions (D)
  12 killer bees (D)
  A crimson imp (D)
  3 gnoll shamans (D)
  An iguana (D)
  4 orc wizards (D)
  15 gnolls (D)
  A river rat (D)
  A white imp (D)
  3 ufetubi (D)
  An adder zombie (D)
  2 worms (D)
  7 orcs (D)
  A bat (D)
  A bat zombie (D)
  3 endoplasms (D)
  3 jackals (D)
  A quokka (D)
  A ball python (D)
  A ball python simulacrum (D)
  A kobold (D)
132 creatures vanquished.

Vanquished Creatures (collateral kills)
  A bone dragon (D)
  A catoblepas (D)
  A spriggan druid (D)
  A redback (D)
  A golden eye (D)
5 creatures vanquished.

Grand Total: 137 creatures vanquished

Notes
Turn   | Place    | Note
-------+----------+-------------------------------------------
     0 | D        | mhtbhm the Gargoyle Berserker began the quest for the Orb.
     0 | D        | Reached XP level 1. HP: 14/14 MP: 1/1
    17 | D        | Reached skill level 3 in Axes
    21 | D        | Found a bloodstained altar of Trog.
    21 | D        | Found a shimmering blue altar of Sif Muna.
    21 | D        | Found a viscous altar of Jiyva.
    21 | D        | Found a hazy altar of Hepliaklqana.
    21 | D        | Found an opulent altar of Gozag.
    22 | D        | Found a glowing golden altar of the Shining One.
    22 | D        | Found a glowing silver altar of Zin.
    22 | D        | Found a basalt altar of Yredelemnul.
    22 | D        | Found a shimmering altar of Xom.
    22 | D        | Found an ornate altar of the Wu Jian Council.
    22 | D        | Found a sacrificial altar of Ru.
    22 | D        | Found a stormy altar of Qazlal.
    22 | D        | Found an iron altar of Okawaru.
    22 | D        | Found a sparkling altar of Nemelex Xobeh.
    22 | D        | Found a burning altar of Makhleb.
    22 | D        | Found a blossoming altar of Fedhas.
    22 | D        | Found a white marble altar of Elyvilon.
    22 | D        | Found a shadowy altar of Dithmenos.
    22 | D        | Found a snail-covered altar of Cheibriados.
    24 | D        | Found a radiant altar of Vehumet.
    24 | D        | Found a corrupted altar of Lugonu.
    65 | D        | Reached ** piety under Trog
   298 | D        | Noticed a scorpion
   313 | D        | Killed a scorpion
   314 | D        | Reached skill level 5 in Fighting
   314 | D        | Reached skill level 5 in Axes
   314 | D        | Reached XP level 2. HP: 9/22 MP: 2/2
   314 | D        | Reached XP level 3. HP: 11/27 MP: 3/3
   314 | D        | Reached XP level 4. HP: 14/32 MP: 4/4
   496 | D        | Noticed a scorpion
   518 | D        | Killed a scorpion
   518 | D        | Reached *** piety under Trog
   519 | D        | Reached skill level 6 in Axes
   519 | D        | Reached XP level 5. HP: 25/37 MP: 5/5
   623 | D        | Noticed a water moccasin
   637 | D        | Killed a water moccasin
   638 | D        | Reached skill level 8 in Axes
   638 | D        | Reached XP level 6. HP: 27/44 MP: 6/6
   796 | D        | Noticed a floating eye
   798 | D        | Paralysed by a floating eye for 3 turns
   807 | D        | Killed a floating eye
   807 | D        | Reached **** piety under Trog
   808 | D        | Reached skill level 9 in Axes
   812 | D        | Reached skill level 5 in Dodging
   813 | D        | Reached skill level 10 in Axes
   813 | D        | Reached XP level 7. HP: 51/51 MP: 7/7
   887 | D        | Noticed a tarantella
   899 | D        | Killed a tarantella
   899 | D        | Reached ***** piety under Trog
   900 | D        | Reached skill level 11 in Axes
  1138 | D        | Reached skill level 10 in Fighting
  1148 | D        | Noticed a guardian mummy
  1154 | D        | Reached XP level 8. HP: 57/57 MP: 8/8
  1160 | D        | Reached ****** piety under Trog
  1160 | D        | Received a gift from Trog
  1161 | D        | Reached skill level 12 in Axes
  1166 | D        | Killed a guardian mummy
  1169 | D        | Reached skill level 5 in Armour
  1291 | D        | Noticed a wandering mushroom
  1292 | D        | Noticed a polar bear
  1300 | D        | Killed a polar bear
  1301 | D        | Reached skill level 13 in Axes
  1307 | D        | Killed a wandering mushroom
  1307 | D        | Identified the +6 battleaxe of Awkwardness {flame, rElec
                  | rC+ Str+8 Dex-2} (Trog gifted it to you in the Dungeon)
  1307 | D        | Received a gift from Trog
  1308 | D        | Reached XP level 9. HP: 65/65 MP: 9/9
  1318 | D        | Noticed a death cob
  1318 | D        | Noticed a guardian serpent
  1322 | D        | Killed a guardian serpent
  1330 | D        | Killed a death cob
  1331 | D        | Reached skill level 15 in Axes
  1331 | D        | Reached XP level 10. HP: 73/73 MP: 10/10
  1478 | D        | Noticed an eye of devastation
  1486 | D        | Killed an eye of devastation
  1667 | D        | Identified the +6 battleaxe of Dismemberment {flame, +Blink
                  | rF+ Str+3 Int-2 Stlth+} (Trog gifted it to you in the
                  | Dungeon)
  1667 | D        | Received a gift from Trog
  1667 | D        | Noticed a gargoyle
  1671 | D        | Killed a gargoyle
  1678 | D        | Killed a shadow wraith
  1679 | D        | Reached skill level 16 in Axes
  1898 | D        | Noticed a deep elf pyromancer
  1901 | D        | Killed a deep elf pyromancer
  1901 | D        | Identified the +6 battleaxe "Taoff" {vorpal, rElec rF++ rC-
                  | Str+9} (Trog gifted it to you in the Dungeon)
  1901 | D        | Received a gift from Trog
  1902 | D        | Reached skill level 1 in Stealth
  1926 | D        | Noticed a flayed ghost
  1933 | D        | Killed a flayed ghost
  1934 | D        | Reached skill level 17 in Axes
  1938 | D        | Received a gift from Trog
  2120 | D        | Noticed a deep elf zephyrmancer
  2120 | D        | Noticed a sea snake
  2126 | D        | Reached XP level 11. HP: 80/80 MP: 11/11
  2128 | D        | Killed a deep elf zephyrmancer
  2134 | D        | Killed a sea snake
  2135 | D        | Reached skill level 15 in Fighting
  2202 | D        | Received a gift from Trog
  2378 | D        | Received a gift from Trog
  2380 | D        | Reached skill level 18 in Axes
  2474 | D        | Noticed a boulder beetle
  2487 | D        | Killed a boulder beetle
  2490 | D        | Received a gift from Trog
  2491 | D        | Reached skill level 10 in Armour
  2536 | D        | Noticed a lindwurm
  2538 | D        | Noticed a sea snake
  2541 | D        | Reached skill level 19 in Axes
  2541 | D        | Received a gift from Trog
  2550 | D        | Killed a lindwurm
  2555 | D        | Killed a sea snake
  2555 | D        | Received a gift from Trog
  2563 | D        | Noticed a deep troll
  2569 | D        | Killed a deep troll
  2808 | D        | Noticed a four-headed hydra
  2808 | D        | Noticed a bone dragon
  2808 | D        | Noticed a great orb of eyes
  2808 | D        | Noticed a spriggan druid
  2820 | D        | Killed a bone dragon
  2821 | D        | Reached skill level 20 in Axes
  2821 | D        | Reached XP level 12. HP: 90/90 MP: 12/12
  2825 | D        | Killed a great orb of eyes
  2829 | D        | Received a gift from Trog
  2836 | D        | Killed a one-headed hydra
  2847 | D        | Reached skill level 21 in Axes
  2852 | D        | Got the ring of Ilumeirch {Fire Str+2}
  2860 | D        | Noticed a catoblepas
  2871 | D        | Killed a catoblepas
  2871 | D        | Received a gift from Trog
  3119 | D        | Identified the amulet "Moffab" {*Corrode Regen+ Str+2
                  | Dex+4}
  3119 | D        | Noticed a death knight
  3119 | D        | Noticed an anaconda
  3120 | D        | Noticed a centaur warrior
  3120 | D        | Noticed a minotaur
  3120 | D        | Noticed a spriggan air mage
  3123 | D        | Killed a spriggan air mage
  3125 | D        | Received a gift from Trog
  3126 | D        | Noticed a deep elf demonologist
  3126 | D        | Identified the +6 scythe "Ywkeith" {freeze, rCorr Str-2
                  | Stlth+}
  3130 | D        | Killed an anaconda
  3140 | D        | Killed a minotaur
  3142 | D        | Identified the +12 quarterstaff "Yxis" {vorpal, rC+ Str+3}
                  | (Trog gifted it to you in the Dungeon)
  3142 | D        | Received a gift from Trog
  3144 | D        | Killed a centaur warrior
  3148 | D        | Noticed a lorocyproca
  3149 | D        | HP: 5/139 [mirror damage (11)]
  3149 | D        | HP: 1/139 [deep elf demonologist/+1 long sword of pain (4)]
  3149 | D        | Slain by a deep elf demonologist

Illustrated notes

Levels and vault maps discovered:
D:        pitsprint [storerooms_1, entrance_room_1, metal_vault_2, armoury_2,
          mini_pit_1, grid_room_1, main_hall_1, silver_pit, the_coven_3,
          the_vestibule_1, steel_vault_5, golden_pit, hallway_of_sentries,
          crystal_vault_2, iron_vault_4, final_vault]

Skill      XL: |  1  2  3  4  5  6  7  8  9 10 11 12 |
---------------+-------------------------------------+-----
Axes           | 5 6 8 10 11 13 15 17 20 21 | 21.8
Fighting       | 5 6 7 9 10 11 13 14 16 18 | 18.7
Armour         | 3 4 5 6 8 11 13 | 13.1
Dodging        | 2 3 4 5 6 7 8 |  8.8
Stealth        | 1 |  1.7

Action                   |  1- 3 |  4- 6 |  7- 9 | 10-12 || total
-------------------------+-------+-------+-------+-------++-------
Melee: Hand axe          |    20 |    42 |    51 |       ||   113
       War axe           |       |       |     9 |       ||     9
       Battleaxe         |       |       |    10 |   181 ||   191
Invok: Berserk           |       |     1 |     2 |     4 ||     7
       Brothers in Arms  |       |       |       |     2 ||     2
  Use: Potion            |       |       |     1 |     2 ||     3
Armor: Animal skin       |     7 |    12 |       |       ||    19
       Ring mail         |       |    11 |    14 |       ||    25
       Chain mail        |       |       |    16 |   104 ||   120
       Plate armour      |       |       |       |    22 ||    22
Dodge: Dodged            |    11 |    37 |    36 |   106 ||   190

Table legend: (Time is in decaauts)
 A = Elapsed time spent in this place.
 B = Non-inter-level travel time spent in this place.
 C = Inter-level travel time spent in this place.
 D = Time resting spent in this place.
 E = Time spent auto-exploring this place.
 F = Levels seen in this place.
 G = Mean time per level.
                   A        B        C        D        E       F      G
               +--------+--------+--------+--------+--------+-----+--------+
         Total |   3153 |   3138 |     15 |   1834 |     97 |   1 | 3153.0 |
       Dungeon |   3153 |   3138 |     15 |   1834 |     97 |   1 | 3153.0 |
               +--------+--------+--------+--------+--------+-----+--------+

Top non-repeatable levels by time:
       D: 3153 daAuts
